 Dungeon Crawl Stone Soup version 0.23.0 (webtiles) character file.

Game seed: 4333203721948515536

10752 LostNumber the Grappler (level 11, -4/109 HPs)
             Began as a Troll Air Elementalist on Feb 9, 2019.
             Slain by a basilisk (12 damage)
             ... on level 11 of the Dungeon.
             The game lasted 00:22:59 (10722 turns).

LostNumber the Grappler (Troll Air Elementalist)   Turns: 10722, Time: 00:22:59

Health: -4/109     AC:  7    Str: 21    XL:     11   Next: 40%
Magic:  0/22       EV:  9    Int: 11    God:
Gold:   680        SH: 10    Dex: 10    Spells: 11/12 levels left

rFire    . . .     SeeInvis .     - Unarmed
rCold    . . .     Gourm    +   z - +0 shield
rNeg     . . .     Faith    .   a - +0 robe
rPois    +         Spirit   +   (helmet restricted)
rElec    .         Reflect  .   C - +0 cloak
rCorr    .         Harm     .   (gloves unavailable)
MR       .....                  (boots unavailable)
Stlth    +.........             g - amulet of guardian spirit
HPRegen  0.68/turn              F - ring of magical power
MPRegen  0.18/turn              n - ring of poison resistance

@: no status effects
A: large, unfitting armour, claws 3, fast metabolism 3, gourmand, regeneration
1, shaggy fur 1, tough skin 3
a: no special abilities


You were on level 11 of the Dungeon.
You were completely stuffed.

You visited 2 branches of the dungeon, and saw 12 of its levels.

You collected 680 gold pieces.

Inventory:

Hand Weapons
 y - the +8 trident of Eschec {freeze, rElec rC- MP+9 Stlth+, unknown}
   (You found it on level 4 of the Dungeon)

   It has been specially enchanted to freeze those struck by it, causing extra
   injury to most foes and up to half again as much damage against particularly
   susceptible opponents.
   It can also slow down cold-blooded creatures.
   It makes you vulnerable to cold.
   It insulates you from electricity.
   It affects your magic capacity (+9).
   It makes you more stealthy.
Armour
 a - a +0 robe (worn)
 z - a +0 shield (worn)
   (You found it on level 3 of the Dungeon)
 C - a +0 cloak (worn)
   (You took it off Crazy Yiuf on level 6 of the Dungeon)
Jewellery
 g - an amulet of guardian spirit (around neck)
   (You found it on level 1 of the Dungeon)
 j - an uncursed amulet of the gourmand {unknown}
   (You found it on level 6 of the Dungeon)
 l - an uncursed ring of wizardry
   (You found it on level 2 of the Dungeon)
 n - a ring of poison resistance (right claw)
   (You found it on level 2 of the Dungeon)
 s - an uncursed amulet of the gourmand {unknown}
   (You found it on level 4 of the Dungeon)
 w - an uncursed ring of stealth
   (You found it on level 3 of the Dungeon)
 F - a ring of magical power (left claw)
   (You found it on level 5 of the Dungeon)
 J - a +3 ring of intelligence
   (You found it on level 7 of the Dungeon)
Wands
 d - a wand of iceblast (1)
   (You found it on level 6 of the Dungeon)
 r - a wand of clouds (7)
   (You found it on level 2 of the Dungeon)
 t - a wand of flame (30)
   (You found it on level 8 of the Dungeon)
 x - a wand of acid (6)
   (You found it on level 7 of the Dungeon)
 B - a wand of polymorph (22)
   (You found it on level 5 of the Dungeon)
Scrolls
 b - 5 scrolls of remove curse {@r2}
 f - 7 scrolls of fear
 h - 4 scrolls of fog {unknown}
 i - 2 scrolls of enchant armour {unknown}
 o - 4 scrolls of amnesia
 p - a scroll of noise {unknown}
 u - 4 scrolls of magic mapping
 D - 4 scrolls of enchant weapon {unknown}
 G - 4 scrolls of teleportation {@r4}
 K - 2 scrolls of identify {@r1}
 L - a scroll of immolation {unknown}
Potions
 c - 2 potions of agility {unknown}
 k - 3 potions of might
 m - 2 potions of ambrosia {unknown}
 q - 2 potions of berserk rage {unknown}
 v - 6 potions of curing {@q1}
 A - 3 potions of lignification {unknown}
 E - 2 potions of heal wounds {unknown}
 I - 2 potions of flight {unknown}
 M - a potion of magic {unknown}
Comestibles
 e - 24 rations {!d}
 H - 2 chunks of flesh


   Skills:
 + Level 7.1 Fighting
 - Level 1.5 Dodging
 - Level 1.0 Stealth
 + Level 6.6 Shields
 * Level 11.9 Unarmed Combat
 - Level 1.2 Spellcasting
 - Level 0.6 Conjurations
 - Level 2.0 Air Magic
 + Level 4.8 Evocations


You had 11 spell levels left.
You knew the following spells:

 Your Spells              Type           Power        Failure   Level  Hunger
a - Shock                 Conj/Air       #...         30%         1    ##.....

Your spell library contained the following spells:

 Spells                   Type           Power        Failure   Level  Hunger
 Summon Small Mammal      Summ           #...         47%         1    ##.....
 Swiftness                Chrm/Air       #.......     47%         2    ###....
 Call Imp                 Summ           #.......     63%         2    ###....
 Static Discharge         Conj/Air       #.......     67%         3    ####...
 Call Canine Familiar     Summ           #.......     85%         3    ####...
 Summon Guardian Golem    Hex/Summ       #.......     85%         3    ####...
 Airstrike                Air            #.........   93%         4    #####..
 Summon Lightning Spire   Summ/Air       #.......     98%         4    #####..
 Summon Ice Beast         Ice/Summ       #.......     99%         4    #####..
 Lightning Bolt           Conj/Air       #.........   100%        5    ######.


Dungeon Overview and Level Annotations

Branches:
Dungeon (11/15)            Temple (1/1) D:4            Lair (0/6) D:11
    Orc: D:9-12

Altars:
Ashenzari
Cheibriados
Dithmenos
Elyvilon
Fedhas
Gozag
Hepliaklqana
Kikubaaqudgha
Makhleb
Nemelex Xobeh
Okawaru
Qazlal
Ru
Sif Muna
Trog
Uskayaw
Vehumet
Wu Jian
Xom
Yredelemnul
Zin
The Shining One

Shops:
D:6 =

Annotations:
D:6 Dowan
D:9 2 transporters, Flure's ghost, journeyman FoFi


Innate Abilities, Weirdness & Mutations

You are too large for most types of armour.
You have claws for hands.
Your metabolism is lightning-fast.
You like to eat raw meat.
Your natural rate of healing is unusually fast.
You are covered in fur. (AC +1)
You have extremely tough skin. (AC +3)


Message History

* * * LOW HITPOINT WARNING * * *
Unknown command.
Unknown command.
The mass of ice explodes!
The iceblast engulfs the four-headed hydra!!
You kill the four-headed hydra!
The iceblast engulfs the bush but does no damage.
Unknown command.
Unknown command.
You start resting.
Eating one of 3 chunks of flesh.
You eat one of the 3 chunks of flesh.
This raw flesh tastes great.
A basilisk comes into view.
A basilisk is nearby!
Unknown command.
Unknown command.
You closely miss the basilisk. The basilisk barely misses you.
You claw the basilisk!
The basilisk bites you but does no damage.
You closely miss the basilisk. You block the basilisk's attack.
You barely miss the basilisk. You barely miss the basilisk.
The basilisk gazes at you.
You are slowing down.
Unknown command.
You closely miss the basilisk. The basilisk gazes at you.
Your limbs have turned to stone.
You have turned to stone.
The basilisk bites you!
* * * LOW HITPOINT WARNING * * *
The basilisk bites you!
* * * LOW HITPOINT WARNING * * *
The basilisk bites you but does no damage.
The basilisk bites you!
* * * LOW HITPOINT WARNING * * *
The basilisk gazes at you. You resist with some effort.
The basilisk bites you but does no damage.
The basilisk bites you!
* * * LOW HITPOINT WARNING * * *
The basilisk completely misses you. The basilisk bites you!
* * * LOW HITPOINT WARNING * * *
You turn to flesh and can move again.
You completely miss the basilisk. The basilisk bites you!
* * * LOW HITPOINT WARNING * * *
You completely miss the basilisk. You block the basilisk's attack.
You closely miss the basilisk. The basilisk barely misses you.
You claw the basilisk! The basilisk bites you!
You die...

......... ... #........ ..
#.......# . #.......#
###..$....# ####..P......#
#...........P. #..P♣P...!....
#..P.@l.PPP.♣♣ #.P.†P...P..P.
##......P...... #..P.♣..♣>..P..
### ####......♣....P.. ...#
##.###.#..........♣..P. ...##
##...........P.....♣P..P #..#.
#......#.........P....P..###....
####....##....P..........##...#
#


You could see a basilisk.

Vanquished Creatures
  A hydra (D:11)
  A two-headed ogre (D:9)
  An orc knight (D:10)
  2 cyclopes (D:11)
  Joseph (D:10)
  A gargoyle (D:11)
  A kobold demonologist (D:11)
  A troll (D:11)
  A hippogriff (D:10)
  5 yaks
  A wyvern (D:9)
  A basilisk (D:11)
  A soldier ant (D:11)
  3 porcupines
  2 black bears
  4 orc warriors
  2 sky beasts (D:8)
  2 necrophages
  2 ice beasts (D:6)
  2 phantoms
  6 ogres
  6 centaurs
  2 crocodiles (D:11)
  Blork the orc (D:6)
  2 big kobolds
  6 bullfrogs
  2 gnoll sergeants
  5 scorpions
  5 killer bees (D:8)
  7 wights
  3 crimson imps
  4 howler monkeys
  2 jellies
  5 orc priests
  4 bullfrog skeletons
  A bullfrog zombie (D:11)
  5 hounds
  Crazy Yiuf (D:6)
  4 iguanas
  2 orc wizards
  Terence (D:3)
  Natasha (thrice) (D:2)
  9 worker ants
  2 hound skeletons
  7 gnolls
  12 adders
  4 shadow imps
  2 oozes
  2 adder skeletons
  6 worms
  A dart slug (D:1)
  10 leopard geckos
  40 orcs
  5 giant cockroaches
  8 goblins
  10 hobgoblins
  14 jackals
  5 quokkas
  4 ball pythons
  7 bats
  5 frilled lizards
  A jackal skeleton (D:8)
  A jackal zombie (D:9)
  9 kobolds
  A quokka skeleton (D:4)
  A quokka zombie (D:8)
  3 rats
281 creatures vanquished.

Vanquished Creatures (others)
  2 fungi (D:11)
  3 plants (D:11)
5 creatures vanquished.

Grand Total: 286 creatures vanquished

Notes
Turn   | Place    | Note
-------+----------+-------------------------------------------
     0 | D:1      | LostNumber the Troll Air Elementalist began the quest for
                  | the Orb.
     0 | D:1      | Reached XP level 1. HP: 16/16 MP: 1/1
   247 | D:1      | Reached skill level 1 in Unarmed Combat
   360 | D:1      | Reached XP level 2. HP: 26/26 MP: 2/2
   927 | D:2      | Reached skill level 1 in Fighting
   927 | D:2      | Reached skill level 2 in Unarmed Combat
  1042 | D:2      | Noticed Natasha
  1045 | D:2      | Reached XP level 3. HP: 31/33 MP: 3/3
  1054 | D:2      | Killed Natasha
  1174 | D:2      | Reached XP level 4. HP: 41/41 MP: 4/4
  1188 | D:2      | Reached skill level 3 in Unarmed Combat
  1188 | D:2      | Noticed Natasha
  1195 | D:2      | Killed Natasha
  1289 | D:2      | Noticed Natasha
  1295 | D:2      | Killed Natasha
  1581 | D:2      | Reached XP level 5. HP: 38/49 MP: 3/5
  1846 | D:2      | Reached skill level 4 in Unarmed Combat
  2076 | D:3      | Reached XP level 6. HP: 43/59 MP: 1/6
  2135 | D:3      | Noticed Terence
  2138 | D:3      | Killed Terence
  2212 | D:3      | Reached skill level 1 in Shields
  2564 | D:4      | Reached skill level 5 in Unarmed Combat
  2744 | D:4      | Got a slimy trident
  2798 | D:4      | Reached XP level 7. HP: 52/67 MP: 3/7
  3058 | D:4      | Reached skill level 6 in Unarmed Combat
  3681 | D:4      | Found a staircase to the Ecumenical Temple.
  3730 | Temple   | Entered the Ecumenical Temple
  3991 | D:5      | Entered Level 5 of the Dungeon
  4337 | D:5      | Reached XP level 8. HP: 71/78 MP: 5/8
  4725 | D:5      | Reached skill level 7 in Unarmed Combat
  5259 | D:6      | Noticed Blork the orc
  5272 | D:6      | Killed Blork the orc
  5312 | D:6      | Found Lior's Jewellery Boutique.
  5831 | D:6      | Reached skill level 8 in Unarmed Combat
  5924 | D:6      | Found a runed translucent door.
  5927 | D:6      | Noticed Crazy Yiuf
  6175 | D:6      | Killed Crazy Yiuf
  6230 | D:6      | Noticed Dowan
  6370 | D:7      | Reached skill level 1 in Evocations
  6486 | D:7      | Reached XP level 9. HP: 81/85 MP: 9/9
  6712 | D:7      | Reached skill level 5 in Fighting
  7159 | D:8      | Reached skill level 9 in Unarmed Combat
  7942 | D:9      | Noticed a two-headed ogre
  7948 | D:9      | Killed a two-headed ogre
  7948 | D:9      | Reached skill level 5 in Shields
  7948 | D:9      | Reached skill level 10 in Unarmed Combat
  7948 | D:9      | Reached XP level 10. HP: 78/98 MP: 11/11
  8215 | D:9      | Found a transporter.
  8215 | D:9      | Found a transporter.
  8216 | D:9      | Noticed Flure's ghost (journeyman FoFi)
  8701 | D:9      | Found a hazy altar of Hepliaklqana.
  8783 | D:10     | Entered Level 10 of the Dungeon
  8788 | D:10     | Found a snail-covered altar of Cheibriados.
  8895 | D:10     | Noticed Joseph
  8955 | D:10     | Killed Joseph
  9180 | D:10     | Found a shadowy altar of Dithmenos.
  9543 | D:11     | Noticed a cyclops
  9551 | D:11     | Killed a cyclops
  9628 | D:11     | Reached skill level 11 in Unarmed Combat
  9968 | D:11     | Noticed a gargoyle
  9993 | D:11     | Killed a gargoyle
 10033 | D:11     | Reached XP level 11. HP: 92/107 MP: 13/13
 10080 | D:11     | Noticed an orc knight
 10201 | D:10     | Killed an orc knight
 10664 | D:11     | Found a staircase to the Lair.
 10669 | D:11     | Noticed a four-headed hydra
 10688 | D:11     | Killed a four-headed hydra
 10722 | D:11     | Slain by a basilisk

Skill      XL: |  1  2  3  4  5  6  7  8  9 10 11 |
---------------+----------------------------------+-----
Unarmed Combat | 1 2 3 4 5 6 8 10 11 | 11.9
Fighting       | 1 2 3 4 5 6 7 |  7.1
Shields        | 1 2 4 5 6 |  6.6
Evocations     | 1 3 4 |  4.8
Dodging        | |  1.5
Stealth        | |  1.0
Spellcasting   | |  1.2
Conjurations   | |  0.6
Air Magic      | |  2.0

Action                   |  1- 3 |  4- 6 |  7- 9 | 10-12 || total
-------------------------+-------+-------+-------+-------++-------
Melee: Unarmed           |    88 |   213 |   398 |   327 ||  1026
       Punch             |       |     1 |    15 |     6 ||    22
Evoke: Wand              |       |       |       |     7 ||     7
  Use: Scroll            |       |       |     8 |       ||     8
 Stab: Sleeping          |     3 |     3 |     6 |     3 ||    15
  Eat: Chunk             |    10 |    20 |    47 |    27 ||   104
Armor: Robe              |    38 |    76 |   114 |    79 ||   307
Dodge: Dodged            |    40 |   120 |   163 |   110 ||   433
Block: Shield            |       |       |       |    64 ||    64
